 Dungeon Crawl Stone Soup version 0.16-b1 (webtiles) character file.

119 Zapata the Cudgeler (level 5, -1/32 HPs)
             Began as a Kobold Berserker on Mar 15, 2015.
             Was a Priest of Trog.
             Slain by Sigmund
             ... wielding a +0 scythe
              (10 damage)
             ... on level 3 of the Dungeon.
             The game lasted 00:03:24 (2305 turns).

Zapata the Cudgeler (Kobold Berserker)              Turns: 2305, Time: 00:03:24

Health: -1/32      AC:  7    Str: 16    XL:     5   Next: 23%
Magic:  5/5        EV: 15    Int:  5    God:    Trog [***...]
Gold:   109        SH:  0    Dex: 16    Spells: 0 memorised, 4 levels left

rFire  . . .     SeeInvis .     a - +0 mace
rCold  . . .     Clarity  .     b - +0 animal skin
rNeg   . . .     SustAb   .     (no shield)
rPois  .         Gourm    .     (no helmet)
rElec  .         Spirit   .     j - +2 cloak
rCorr  .         Warding  .     e - +1 pair of gloves
rMut   .         Stasis   .     (no boots)
MR     .....                    (no amulet)
Stlth  +.........               (no ring)
                                (no ring)

@: exhausted, slowed, very slow, not resistant to hostile enchantments, very
unstealthy
A: carnivore 3
a: Burn Spellbooks, Berserk, Trog's Hand, Renounce Religion


You were on level 3 of the Dungeon.
You worshipped Trog.
Trog was most pleased with you.
You were full.

You visited 1 branch of the dungeon, and saw 3 of its levels.

You collected 109 gold pieces.

Inventory:

Hand weapons
 a - a +0 mace (weapon)
Armour
 b - a +0 animal skin (worn)
 e - a +1 pair of gloves (worn)
 j - a +2 cloak (worn)
Scrolls
 h - a scroll of immolation
 i - a scroll of enchant weapon
 l - a scroll of remove curse
Potions
 d - a potion of ambrosia
 f - a potion of restore abilities {unknown}
 g - a potion of heal wounds
 k - a potion of might {unknown}


   Skills:
 - Level 3.2 Fighting
 + Level 5.5 Maces & Flails
 - Level 1.5 Armour
 - Level 2.4 Dodging


You had 4 spell levels left.
You didn't know any spells.

Dungeon Overview and Level Annotations

Branches:
Dungeon (3/15)

Altars:

Annotations:
D:3 Sigmund


Innate Abilities, Weirdness & Mutations

You are small and have problems with some larger weapons.
You are carnivorous and can eat meat at any time.


Message History

You feel much better.
You hear some strange, mumbled words.
The puff of flame hits you!
You thump something! Something hits you!
* * * LOW HITPOINT WARNING * * *
Use which ability? (? or * to list)
You can't do that.
Read which item? (? for menu, Esc to quit)
As you read the scroll labeled PUOPOULEXZU, it crumbles to dust.
It is a scroll of enchant armour.
Enchant which item? (? for menu, Esc to quit)
Your +1 cloak glows green for a moment.
You hear some strange, mumbled words.
The puff of flame misses you. Something completely misses you.
Read which item? (? for menu, Esc to quit)
As you read the scroll labeled COESAJ RALOARPH, it crumbles to dust.
It is a scroll of recharging.
You aren't carrying any rechargeable items.
Something hits you!
You die...

. ....# . ....# ...
....# ... ....#
###.###...+
#....$#...#
#.#.....#...#
....>..$@$..+
..#.....#...#
#.....#...#####+##
#
###.###....^.......
........#..........
###.#####..........
##
#................#
#.
###..............#
#. #..............#
#.


There were no monsters in sight!

Vanquished Creatures
  A worker ant (D:3)
  Terence (D:2)
  An adder (D:2)
  A worm (D:2)
  2 giant geckos (D:1)
  6 orcs (D:3)
  2 ball pythons
  4 bats
  2 giant cockroaches (D:1)
  9 hobgoblins
  5 jackals
  2 giant newts (D:1)
  8 goblins
  5 kobolds
  6 rats
55 creatures vanquished.

Notes
Turn   | Place    | Note
--------------------------------------------------------------
     0 | D:1      | Zapata, the Kobold Berserker, began the quest for the Orb.
     0 | D:1      | Reached XP level 1. HP: 14/14 MP: 1/1
    49 | D:1      | Reached XP level 2. HP: 10/19 MP: 2/2
   638 | D:1      | Acquired Trog's second power
   691 | D:1      | Reached skill level 4 in Maces & Flails
   691 | D:1      | Reached XP level 3. HP: 19/23 MP: 3/3
   966 | D:2      | Noticed Terence
   977 | D:2      | Killed Terence
  1253 | D:2      | Reached XP level 4. HP: 23/28 MP: 4/4
  1978 | D:3      | Noticed Sigmund
  1983 | D:3      | Reached skill level 5 in Maces & Flails
  2110 | D:3      | Reached XP level 5. HP: 18/32 MP: 5/5
  2305 | D:3      | Slain by Sigmund

Action                   |  1- 3 |  4- 6 || total
-------------------------+-------+-------++-------
Melee: Mace              |    88 |    87 ||   175
Invok: Berserk           |     2 |     2 ||     4
  Use: Scroll            |     2 |     6 ||     8
       Potion            |       |     1 ||     1
 Stab: Sleeping          |     1 |       ||     1
  Eat: Chunk             |     4 |     3 ||     7
       Meat ration       |       |     1 ||     1
